 Dungeon Crawl Stone Soup version 0.29-a0-298-g3c90f9a769 (webtiles) character file.

Game seed: 18104070387067640827

129173 jmlagarto the Warrior (level 16, -1/146 (150) HPs)
             Began as a Minotaur Berserker on Mar 21, 2022.
             Was a High Priest of Trog.
             Slain by an emperor scorpion (23 damage)
             ... on level 4 of the Spider Nest on Mar 22, 2022.
             The game lasted 01:15:56 (37937 turns).

jmlagarto the Warrior (Minotaur Berserker)         Turns: 37937, Time: 01:15:56

HP:   -1/146 (150)  AC: 31    Str: 32 (33) XL:     16   Next: 50%
MP:   0/15          EV: 12    Int:  4      God:    Trog [*****.]
Gold: 1815          SH: 17    Dex: 10 (11) Spells: 15/15 levels left

rFire   . . .      SeeInvis .   m - +6 war axe (vamp)
rCold   + . .      Faith    .   D - +5 kite shield {AC+3}
rNeg    . . .      Spirit   +   J - +0 plate armour of Issyups {rPois Str+4}
rPois   +          Reflect  .   w - +2 hat
rElec   .          Harm     .   A - +2 cloak
rCorr   +          Rampage  .   y - +2 pair of gloves
Will    ++...      Rage     1%  q - +0 pair of boots
Stlth   ..........              g - amulet of guardian spirit
HPRegen 0.34/turn               l - ring of willpower
MPRegen 0.14/turn               N - ring of resist corrosion

@: on berserk cooldown, slowed, studying Slings, lightly drained, very slow
A: horns 2, retaliatory headbutt, berserk 1, cold resistance 1, deterioration 1,
no potion heal 1
a: Renounce Religion, Berserk, Trog's Hand, Brothers in Arms


You were on level 4 of the Spider Nest.
You worshipped Trog.
Trog was extremely pleased with you.
You visited 4 branches of the dungeon, and saw 27 of its levels.

You collected 3412 gold pieces.
You spent 1597 gold pieces at shops.

Inventory:

Hand Weapons
 m - a +6 vampiric war axe (weapon)
 V - the +7 whip "Dualel" {holy, SInv}
   (You found it on level 11 of the Dungeon)

   It has been blessed by the Shining One to cause great damage to the undead
   and demons.
   SInv:      It lets you see invisible.
Missiles
 i - 2 curare-tipped darts
 C - 48 poisoned darts (quivered)
 W - 5 atropa-tipped darts
Armour
 q - a +0 pair of boots (worn)
 w - a +2 hat (worn)
 x - a scarf of invisibility
 y - a +2 pair of gloves (worn)
 A - a +2 cloak (worn)
 D - a +5 kite shield of protection (worn)
 J - the +0 plate armour of Issyups (worn) {rPois Str+4}
   (You bought it in a shop on level 2 of the Orcish Mines)

   Str:       It affects your strength (+4).
   rPois:     It protects you from poison.
 U - a +0 plate armour of willpower
Jewellery
 g - an amulet of guardian spirit (around neck)
 h - a +4 ring of protection
 j - a ring of protection from fire
 l - a ring of willpower (left hand)
 r - an amulet of reflection
 M - a ring of ice
 N - a ring of resist corrosion (right hand)
 S - a ring of willpower
 Z - a ring of positive energy
Wands
 b - a wand of iceblast (13)
 k - a wand of digging (5)
 B - a wand of polymorph (31)
 E - a wand of charming (7)
 F - a wand of paralysis (14)
 P - a wand of flame (16)
 T - a wand of mindburst (7)
 X - a wand of acid (5)
Scrolls
 a - 2 scrolls of fear
 c - 8 scrolls of teleportation
 d - 2 scrolls of holy word
 f - 4 scrolls of fog
 o - 5 scrolls of blinking
 v - 2 scrolls of silence
 G - a scroll of immolation
 H - 3 scrolls of summoning
 L - a scroll of identify
 Q - a scroll of magic mapping
Potions
 e - 3 potions of ambrosia
 n - 11 potions of curing
 p - 3 potions of flight
 s - 6 potions of haste {unknown}
 t - 5 potions of attraction {unknown}
 u - 3 potions of heal wounds
 z - 5 potions of brilliance
 I - 5 potions of resistance
 K - 2 potions of invisibility {unknown}
 R - 3 potions of might
 Y - a potion of magic {unknown}
Miscellaneous
 O - a box of beasts


   Skills:
 + Level 15.7 Fighting
 + Level 15.6 Axes
 + Level 15.4 Armour
 + Level 14.2 Dodging
 + Level 14.0 Shields
 + Level 11.1 Evocations


You had 15 spell levels left.
You didn't know any spells.
Your spell library was empty.

Dungeon Overview and Level Annotations

Branches:
Dungeon (15/15)            Temple (0/1) D:7            Lair (6/6) D:11
 Shoals (0/4) Lair:4       Spider (4/4) Lair:2        Slime (0/5) Lair:6
    Orc (2/2) D:10            Elf (0/3) Orc:2        Vaults (0/5) D:13
 Depths (0/4) D:15

Altars:
Ashenzari
Dithmenos
Hepliaklqana
Makhleb
Okawaru
Qazlal
Sif Muna
Trog
Uskayaw
Wu Jian
Xom
The Shining One
Beogh
Lugonu

Shops:
D:15 [   Orc:1 !   Orc:2 [*(:

Portals:
Hell: Lair:6
Abyss: Lair:3


Innate Abilities, Weirdness & Mutations

You have a pair of horns on your head.
You reflexively headbutt those who attack you in melee.
You tend to lose your temper in combat.
Your flesh is cold resistant. (rC+)
Your body sometimes deteriorates upon taking damage.
Potions are less effective at restoring your health.


Message History

Your headbutt misses the emperor scorpion.
The emperor scorpion is almost dead.
You block the emperor scorpion's attack.
The emperor scorpion claws you but does no damage.
The emperor scorpion misses you.
The orb spider weaves a glowing orb of energy.
The moth of wrath goads the emperor scorpion on!
The emperor scorpion goes berserk!
The emperor scorpion stings you but does no damage.
You block the emperor scorpion's attack.
The emperor scorpion claws you but does no damage.
An orb of destruction comes into view.
Your unstable footing causes you to fumble your attack.
You block the emperor scorpion's attack.
The emperor scorpion misses you. The emperor scorpion claws you!
The orb spider spins a strand of pure energy.
Your unstable footing causes you to fumble your attack.
The orb of destruction hits you! The emperor scorpion stings you!
* * * LOW HITPOINT WARNING * * *
The emperor scorpion barely misses you.
You block the emperor scorpion's attack.
The emperor scorpion stings you!
* * * LOW HITPOINT WARNING * * *
You block the emperor scorpion's attack. x2
The emperor scorpion stings you!!
* * * LOW HITPOINT WARNING * * *
Your body deteriorates!
You feel clumsy.
The emperor scorpion claws you but does no damage.
The emperor scorpion closely misses you.
Your system partially rejects the healing.
You feel much better.
The emperor scorpion stings you but does no damage.
You block the emperor scorpion's attack. x2
You block the moth of wrath's attack.
The emperor scorpion stings you but does no damage.
The emperor scorpion claws you but does no damage. x2
The moth of wrath bites you but does no damage.
Your system partially rejects the healing.
You feel much better. The emperor scorpion stings you!!
You die...

######################
≈≈≈≈≈≈≈......s#..≈≈..#!#
≈≈#≈≈..........°@†≈....#
.≈≈≈.#...#.^..≈ys#≈....#
.........^.≈≈≈≈≈≈≈...^.#
†........≈≈≈#≈≈≈......##
##################.....#
.....# .....# #...


You could see an emperor scorpion (berserk), a moth of wrath and an orb spider
(charged).

Vanquished Creatures
  5 emperor scorpions
  2 ghost moths
  The ghost of Fuch the Fighter, a journeyman DsCj of Okawaru (Lair:5)
  An entropy weaver (Spider:3)
  A dire elephant (Lair:6)
  A fire dragon (D:15)
  4 hydras
  2 ice dragons (D:15)
  A vault guard (D:13)
  An ogre mage (D:15)
  9 boulder beetles
  4 catoblepae
  The ghost of RoseArtemis the Fighter, a novice DrIE of Sif Muna (D:9)
  A death knight (D:15)
  A jorogumo (Spider:4)
  2 tengu warriors
  5 centaur warriors
  5 radroaches
  A dancing weapon (D:9)
  9 death yaks
  9 two-headed ogres
  An orc high priest (Orc:2)
  A sixfirhy (Lair:6)
  4 pharaoh ants
  Amaemon (Lair:1)
  Lodul (D:14)
  2 sun moths (Spider:4)
  8 steelbarb worms
  8 orb spiders
  A wizard (Lair:6)
  The ghost of kae the Cleaver, a novice HOFi (D:6)
  A spectral wolf spider (Spider:4)
  3 lindwurms
  9 wolf spiders
  5 orc sorcerers
  3 orc knights
  A salamander (shapeshifter) (D:15)
  2 manticores
  2 cyclopes
  2 moths of wrath
  A guardian serpent (shapeshifter) (D:13)
  4 black mambas
  2 torpor snails
  4 orange demons
  2 unseen horrors
  3 gargoyles
  Maurice (D:8)
  21 cane toads
  4 demonic crawlers
  A kobold demonologist (D:14)
  An efreet (D:14)
  A hellwing (Lair:6)
  7 rime drakes
  11 komodo dragons
  An ice devil (Lair:6)
  4 tyrant leeches
  5 trolls
  7 meliai
  A red devil (Lair:6)
  2 spectral jumping spiders (Spider:4)
  12 blink frogs
  2 spectral culicivoras (Spider:4)
  4 dream sheep (Lair:6)
  20 tarantellas
  3 slime creatures (D:13)
  A tarantella zombie (Spider:4)
  13 jumping spiders
  2 wraiths
  14 culicivoras
  2 vampires
  A basilisk (shapeshifter) (D:14)
  10 humans (D:13)
  5 basilisks
  38 yaks
  25 redbacks
  6 vampire mosquitoes
  A steam dragon (D:8)
  An acid dragon (D:12)
  12 water moccasins
  4 hell hounds (Lair:6)
  30 orc warriors
  2 ice beasts
  6 black bears
  10 wolves
  16 ogres
  5 centaurs
  3 phantoms
  4 kobold brigands
  11 bullfrogs
  Blork the orc (D:4)
  2 necrophages (D:5)
  2 scorpions
  4 wights (D:7)
  10 killer bees
  2 electric eels (Lair:4)
  4 howler monkeys
  A lava snake (D:11)
  3 hounds
  3 jellies
  9 orc priests
  A gnoll shaman (D:7)
  Crazy Yiuf (D:6)
  7 iguanas
  19 orc wizards
  A mummy (D:8)
  4 gnolls (D:7)
  13 adders
  4 river rats (D:5)
  A shadow imp (D:7)
  3 white imps
  An ufetubus (D:4)
  3 worms
  A dart slug (D:3)
  79 orcs
  9 bats
  6 endoplasms
  2 giant cockroaches
  3 goblins
  8 hobgoblins
  4 jackals (D:4)
  16 kobolds
  4 quokkas
  3 ball pythons
  A frilled lizard (D:3)
  8 rats
  A lurking horror (Lair:3)
712 creatures vanquished.

Vanquished Creatures (collateral kills)
  An orc warlord (Orc:1)
  A minotaur (Lair:2)
  The ghost of Hudyte the Thaumaturge, a journeyman DEEE of Vehumet (Lair:2)
  Urug (Orc:1)
4 creatures vanquished.

Vanquished Creatures (others)
  An entropy weaver (Spider:3)
  An orc high priest (Orc:2)
  2 wizards
  A tengu conjurer (D:15)
  A human (D:13)
  A black bear (D:8)
  53 fungi
  A lurking horror (Lair:3)
  28 plants
89 creatures vanquished.

Grand Total: 805 creatures vanquished

Notes
Turn   | Place    | Note
-------+----------+-------------------------------------------
     0 | D:1      | jmlagarto the Minotaur Berserker began the quest for the
                  | Orb.
     0 | D:1      | Reached XP level 1. HP: 19/19 MP: 0/0
   486 | D:1      | Found a faded altar of an unknown god.
   635 | D:1      | Reached XP level 2. HP: 23/27 MP: 1/1
  1196 | D:2      | Reached XP level 3. HP: 33/33 MP: 2/2
  1939 | D:3      | Reached XP level 4. HP: 40/40 MP: 3/3
  2110 | D:3      | Reached ** piety under Trog
  2605 | D:3      | Noticed a kobold brigand
  2650 | D:3      | Killed a kobold brigand
  2651 | D:3      | Reached XP level 5. HP: 41/47 MP: 2/4
  2693 | D:3      | Found a hazy altar of Hepliaklqana.
  2695 | D:3      | Found a faded altar of an unknown god.
  2872 | D:4      | Noticed a phantom
  2887 | D:4      | Killed a phantom
  2888 | D:4      | Reached skill level 5 in Fighting
  2888 | D:4      | Reached skill level 5 in Axes
  3093 | D:4      | Reached XP level 6. HP: 56/56 MP: 5/5
  3440 | D:4      | Noticed Blork the orc
  3452 | D:4      | Killed Blork the orc
  3541 | D:4      | Found a shimmering blue altar of Sif Muna.
  3829 | D:5      | Entered Level 5 of the Dungeon
  3914 | D:5      | Noticed a water moccasin
  3920 | D:5      | Killed a water moccasin
  3921 | D:5      | Reached skill level 5 in Armour
  3921 | D:5      | Reached XP level 7. HP: 62/62 MP: 6/6
  4042 | D:5      | Reached skill level 5 in Dodging
  4078 | D:5      | Found a stormy altar of Qazlal.
  5064 | D:5      | Reached XP level 8. HP: 70/70 MP: 5/7
  5112 | D:6      | Found a runed translucent gate.
  5112 | D:6      | Found a runed translucent gate.
  5113 | D:6      | Found a runed translucent gate.
  5117 | D:6      | Noticed kae's ghost (novice HOFi)
  5429 | D:6      | Reached *** piety under Trog
  5849 | D:6      | Found a runed translucent door.
  5850 | D:6      | Noticed Crazy Yiuf
  6507 | D:6      | Reached XP level 9. HP: 71/81 MP: 5/8
  6601 | D:6      | Killed Crazy Yiuf
  6753 | D:6      | HP: 4/81 [kae's ghost (4)]
  7386 | D:7      | Found a staircase to the Ecumenical Temple.
  7504 | D:7      | Noticed a two-headed ogre
  7510 | D:7      | Killed a two-headed ogre
  8529 | D:7      | Found a bloodstained altar of Trog.
  8839 | D:8      | Noticed a tengu warrior
  8868 | D:8      | Killed a tengu warrior
  8869 | D:8      | Reached XP level 10. HP: 20/91 MP: 3/9
  9344 | D:8      | Noticed Maurice
  9358 | D:8      | Killed Maurice
  9359 | D:8      | Reached skill level 1 in Shields
  9359 | D:8      | Reached skill level 1 in Evocations
  9480 | D:8      | Found an iron altar of Okawaru.
  9845 | D:8      | Found the +18 Lear's hauberk
  9987 | D:9      | Found a runed translucent door.
 10011 | D:9      | Reached skill level 10 in Fighting
 10011 | D:9      | Reached skill level 10 in Axes
 10293 | D:9      | Found a shimmering altar of Xom.
 10293 | D:9      | Noticed RoseArtemis's ghost (novice DrIE)
 10293 | D:9      | Noticed a +0 hand axe of chaos
 10302 | D:9      | Killed a +0 hand axe of chaos
 10311 | D:9      | Killed RoseArtemis's ghost
 10599 | D:9      | Noticed a two-headed ogre
 10607 | D:9      | Reached skill level 10 in Armour
 10610 | D:9      | Reached XP level 11. HP: 97/101 MP: 6/10
 10613 | D:9      | Killed a two-headed ogre
 10870 | D:9      | Found an ornate altar of the Wu Jian Council.
 11101 | D:10     | Entered Level 10 of the Dungeon
 11154 | D:10     | Reached **** piety under Trog
 11226 | D:10     | Found a staircase to the Orcish Mines.
 11321 | D:10     | Found a large runed translucent door.
 11322 | D:10     | Found a large runed translucent door.
 11379 | D:10     | Found a shadowy altar of Dithmenos.
 12116 | D:10     | Found a glowing golden altar of the Shining One.
 12152 | D:10     | Found a broken altar of Ashenzari.
 12405 | D:11     | Found a runed translucent door.
 12557 | D:11     | Found a staircase to the Lair.
 12876 | D:11     | Reached skill level 5 in Shields
 12886 | D:11     | Noticed a four-headed hydra
 12905 | D:11     | Killed a four-headed hydra
 13924 | D:11     | Found a runed translucent gate.
 13924 | D:11     | Noticed a boulder beetle
 13925 | D:11     | Found a runed translucent gate.
 13932 | D:11     | Found a runed translucent gate.
 13932 | D:11     | Found a runed translucent gate.
 13932 | D:11     | Found a runed translucent gate.
 13932 | D:11     | Identified the +7 whip "Dualel" {holy, SInv}
 13932 | D:11     | Noticed a lindwurm
 13932 | D:11     | Noticed a boulder beetle
 13935 | D:11     | Found a runed translucent gate.
 13987 | D:11     | Killed a boulder beetle
 13988 | D:11     | Reached skill level 10 in Dodging
 14027 | D:11     | Killed a boulder beetle
 14328 | D:11     | Killed a lindwurm
 14357 | D:11     | Identified the ring "Fyipno" {MP+9 Int+6}
 14417 | Lair:1   | Entered Level 1 of the Lair of Beasts
 14905 | Lair:1   | Reached XP level 12. HP: 100/110 MP: 9/11
 15057 | Lair:1   | Reached skill level 5 in Evocations
 15272 | Lair:1   | Noticed Amaemon
 15289 | Lair:1   | Killed Amaemon
 16455 | Lair:2   | Found a hole to the Spider Nest.
 16505 | Lair:2   | Noticed a minotaur
 16505 | Lair:2   | Noticed Hudyte's ghost (journeyman DEEE)
 16686 | Lair:2   | Noticed a catoblepas
 16717 | Lair:2   | Killed a catoblepas
 16939 | Lair:2   | Found a runed translucent gate.
 16939 | Lair:2   | Found a runed translucent gate.
 16939 | Lair:2   | Found a runed translucent gate.
 17651 | Lair:3   | Noticed a boulder beetle
 17729 | Lair:3   | Killed a boulder beetle
 18293 | Lair:3   | Found a one-way gate to the infinite horrors of the Abyss.
 18293 | Lair:3   | Found a corrupted altar of Lugonu.
 19161 | Lair:4   | Noticed a death yak
 19162 | Lair:4   | Noticed a death yak
 19163 | Lair:4   | Noticed a death yak
 19172 | Lair:4   | Killed a death yak
 19173 | Lair:4   | Reached XP level 13. HP: 119/119 MP: 10/12
 20386 | Lair:4   | Found a staircase to the Shoals.
 20810 | Lair:5   | Found a shimmering altar of Xom.
 21801 | Lair:5   | Found a large runed translucent door.
 21802 | Lair:5   | Found a large runed translucent door.
 21807 | Lair:5   | Noticed Fuch's ghost (journeyman DsCj)
 22397 | Lair:5   | Killed Fuch's ghost
 22563 | Lair:6   | Entered Level 6 of the Lair of Beasts
 22578 | Lair:6   | Found a staircase to the Slime Pits.
 22848 | Lair:6   | Reached skill level 10 in Shields
 23231 | Lair:6   | Noticed a dire elephant
 23245 | Lair:6   | Reached XP level 14. HP: 129/129 MP: 7/13
 23391 | Lair:6   | Found a burning altar of Makhleb.
 24164 | Lair:6   | Found a gateway to Hell.
 24165 | Lair:6   | Found the +4 robe of Folly {Brilliance Will-∞ Int+8}
 24393 | Orc:1    | Entered Level 1 of the Orcish Mines
 24516 | Orc:1    | Found Ugeazec's Distillery.
 24524 | Orc:1    | Bought a potion of curing for 48 gold pieces
 24524 | Orc:1    | Bought 2 potions of ambrosia for 256 gold pieces
 24524 | Orc:1    | Bought a potion of flight for 48 gold pieces
 24524 | Orc:1    | Bought a potion of curing for 48 gold pieces
 24602 | Orc:2    | Entered Level 2 of the Orcish Mines
 24686 | Orc:2    | Found Foklen's Book Shop.
 24722 | Orc:2    | Reached ***** piety under Trog
 24798 | Orc:2    | Found a staircase to the Elven Halls.
 25254 | Orc:2    | Noticed Urug
 25281 | Orc:2    | Noticed an orc warlord
 25644 | Orc:1    | Killed an orc warlord
 25647 | Orc:1    | Killed Urug
 25798 | Orc:2    | Gained mutation: Your body sometimes deteriorates upon
                  | taking damage. [a neqoxec]
 26106 | Orc:2    | Found Ipeg's Antique Weapon Shoppe.
 26312 | Orc:2    | Found Voyklecs's General Store.
 26320 | Orc:2    | Bought a scroll of enchant armour for 97 gold pieces
 26320 | Orc:2    | Bought a scroll of brand weapon for 260 gold pieces
 26591 | Orc:2    | Found Plog's Antique Armour Emporium.
 26599 | Orc:2    | Bought a scorched plate armour for 840 gold pieces
 26599 | Orc:2    | Identified the +0 plate armour of Issyups {rPois Str+4}
                  | (You bought it in a shop on level 2 of the Orcish Mines)
 27066 | D:6      | Killed kae's ghost
 27265 | Lair:2   | Killed Hudyte's ghost
 28932 | D:13     | You fall into a shaft and drop 2 floors!
 28932 | D:15     | Entered Level 15 of the Dungeon
 29686 | D:13     | Found a gate to the Vaults.
 30069 | D:13     | Reached XP level 15. HP: 138/138 MP: 14/14
 30298 | D:14     | Noticed Lodul
 30329 | D:14     | Killed Lodul
 30846 | D:15     | Found a hide-covered altar of Uskayaw.
 31007 | D:15     | Found Teti's Armour Shop.
 31883 | D:15     | Reached skill level 10 in Evocations
 31929 | D:15     | Found a staircase to the Depths.
 32329 | Spider:1 | Entered Level 1 of the Spider Nest
 32509 | Spider:1 | You fall into a shaft and drop 1 floor!
 32739 | Spider:1 | Noticed an emperor scorpion
 32756 | Spider:1 | Killed an emperor scorpion
 33832 | Spider:1 | Upgraded the game from 0.29-a0-297-g7659ce593d to
                  | 0.29-a0-298-g3c90f9a769
 33927 | Spider:2 | Gained mutation: Your flesh is cold resistant. (rC+)
                  | [mutagenic glow]
 33940 | Spider:1 | Gained mutation: You tend to lose your temper in combat.
                  | [mutagenic glow]
 34900 | Spider:2 | Reached skill level 15 in Fighting
 35195 | Spider:3 | Noticed an emperor scorpion
 35208 | Spider:3 | Killed an emperor scorpion
 35297 | Spider:3 | Reached skill level 15 in Axes
 35764 | Spider:3 | Reached XP level 16. HP: 149/149 MP: 13/15
 36014 | Spider:3 | Reached skill level 15 in Armour
 36274 | Spider:3 | Gained mutation: Potions are less effective at restoring
                  | your health. [mutagenic glow]
 36658 | Spider:4 | Entered Level 4 of the Spider Nest
 36685 | Spider:4 | Received a gift from Trog
 37639 | Spider:4 | Identified the +1 ring mail "Jeokoeh" {Regen+ MP+9 Str-2
                  | Stlth+}
 37935 | Spider:4 | HP: 3/146 [emperor scorpion (24)]
 37937 | Spider:4 | Slain by an emperor scorpion

Illustrated notes

Levels and vault maps discovered:
D:1:      sevenhm_arrival_forest_fort_small_4, layout_basic,
          hellmonk_ecumenical_altar_zigzags
D:2:      layout_loops_corners, grunt_ministairs_2
D:3:      layout_basic, beargit_hepliaklqana_dungeon_heroes, minmay_cut_off
D:4:      layout_rooms, mainiacjoe_overflow_alcove_4, uniq_blork_the_orc
D:5:      layout_layer_cave, nicolae_qazlal_scattered_showers,
          portal_sewer_entry_e
D:6:      layout_rooms, biasface_ghost_orc_armoury, grunt_ministairs_2,
          st_stairs_2, kennysheep_generic_room_6, uniq_crazy_yiuf_cottage
D:7:      layout_basic, marbit_many_paths, temple_pool_b
D:8:      layout_loops_cross, mainiacjoe_overflow_24_doors,
          gup_ossuary_entry_pyramid, hellmonk_guarded_unrand_lears, uniq_maurice
D:9:      layout_cross, general_overflow_altar, ebering_ghost_xom
D:10:     layout_roguey, old_standard_altar, jmf_multi_god_temple2, erik_orc_3
D:11:     gammafunk_indiana_jones, layout_basic
D:12:     layout_grid_maze, nicolae_two_hexagons
D:13:     layout_stronghold, ximxim_vaults_locker_room
D:14:     layout_loops_ring, uniq_lodul
D:15:     grunt_enter_depths_hoard, layout_basic, serial_shops,
          nicolae_shop_behind_doors, nicolae_uskayaw_suspiria, minivault_24
Lair:1:   layout_cave_pods, portal_ice_cave_rime, lemuel_fruit_tree,
          uniq_amaemon
Lair:2:   layout_regular_city, hellmonk_spider_entry_not_the_bees,
          maelrawn_ghost_gauntlet_escape
Lair:3:   layout_small_grid, amcnicky_altar_lugonu_corruption,
          infiniplex_staircase_pool_2, grunt_megastairs_2
Lair:4:   layout_gridlike, elwin_shoals_entry_rooms, gammafunk_lair_bear_cave
Lair:5:   layout_regular_city, ebering_ghost_disaster_area, basic_altar
Lair:6:   evil_forest, layout_misc_corridors, slime_dummy, minivault_27
Spider:1: layout_chambers
Spider:2: layout_spider_delve, hangedman_stitches_earthworm
Spider:3: layout_spider_delve, hellmonk_test_site
Spider:4: floodkiller_spider_rune_tomb
Orc:1:    layout_caves, serial_shops, shop
Orc:2:    grunt_orc_gardens, layout_caves, grunt_orc_garden, grunt_orc_garden,
          grunt_orc_garden, grunt_orc_garden, nicolae_orc_stony_grotto,
          nicolae_orc_lava_tube, uniq_urug

Skill      XL: |  1  2  3  4  5  6  7  8  9 10 11 12 13 14 15 16 |
---------------+-------------------------------------------------+-----
Fighting       | 4 5 6 7 9 10 11 12 13 14 15 | 15.7
Axes           | 4 5 6 8 9 10 11 12 13 14 15 | 15.6
Armour         | 3 4 5 6 7 9 10 11 12 13 14 15 | 15.4
Dodging        | 3 4 5 6 8 9 10 11 12 13 14 | 14.2
Shields        | 3 6 8 10 12 13 14 | 14.0
Evocations     | 3 4 6 8 9 10 11 | 11.1

Action                   |  1- 3 |  4- 6 |  7- 9 | 10-12 | 13-15 | 16-18 || total
-------------------------+-------+-------+-------+-------+-------+-------++-------
Melee: Hand axe          |    55 |    51 |       |       |       |       ||   106
       Headbutt          |    11 |    13 |    44 |   192 |   294 |    78 ||   632
       Punch             |       |     1 |     1 |       |       |       ||     2
       War axe           |       |    60 |   321 |   235 |  1027 |   326 ||  1969
       Whip              |       |       |       |   516 |   270 |    21 ||   807
Throw: Dart              |       |     3 |       |     7 |     4 |       ||    14
Invok: Berserk           |       |     4 |     7 |    16 |    23 |     2 ||    52
       Trog's Hand       |       |       |     1 |     7 |    15 |       ||    23
       Brothers in Arms  |       |       |       |       |     2 |       ||     2
Evoke: Wand              |       |       |     7 |     2 |       |       ||     9
  Use: Scroll            |       |     2 |     6 |    16 |    12 |       ||    36
       Potion            |       |       |     3 |       |     2 |     2 ||     7
 Stab: Paralysed         |       |       |    13 |       |       |       ||    13
       Petrified         |       |       |       |       |     4 |       ||     4
       Distracted        |       |       |       |       |     1 |       ||     1
Armor: Animal skin       |     4 |       |       |       |       |       ||     4
       Chain mail        |    18 |    62 |       |       |       |       ||    80
       Plate armour      |       |     2 |   209 |   423 |   598 |   239 ||  1471
       Skin              |       |       |    43 |       |       |       ||    43
Dodge: Dodged            |    35 |    64 |   146 |   204 |   383 |   139 ||   971
Block: Kite shield       |       |       |       |   386 |   928 |   321 ||  1635

Table legend: (Time is in decaauts)
 A = Elapsed time spent in this place.
 B = Non-inter-level travel time spent in this place.
 C = Inter-level travel time spent in this place.
 D = Time resting spent in this place.
 E = Time spent auto-exploring this place.
 F = Levels seen in this place.
 G = Mean time per level.
                   A        B        C        D        E       F      G
               +--------+--------+--------+--------+--------+-----+--------+
         Total |  38266 |  36389 |   1877 |   5332 |  25223 |  27 | 1417.3 |
       Dungeon |  20343 |  18939 |   1404 |   2494 |  13582 |  15 | 1356.2 |
          Lair |   9932 |   9602 |    330 |   2066 |   6021 |   6 | 1655.3 |
   Spider Nest |   5584 |   5466 |    118 |    673 |   3827 |   4 | 1396.0 |
  Orcish Mines |   2406 |   2382 |     24 |     97 |   1792 |   2 | 1203.0 |
               +--------+--------+--------+--------+--------+-----+--------+

Top non-repeatable levels by time:
    D:11: 2560 daAuts
  Lair:3: 2081 daAuts
     D:6: 1948 daAuts
Spider:1: 1791 daAuts
  Lair:5: 1762 daAuts
     D:7: 1717 daAuts
  Lair:6: 1703 daAuts
    D:15: 1687 daAuts
     D:5: 1651 daAuts
Spider:3: 1504 daAuts
  Lair:4: 1497 daAuts
  Lair:1: 1487 daAuts
   Orc:2: 1403 daAuts
  Lair:2: 1400 daAuts
    D:12: 1366 daAuts
